[Event "RUDAR XXII-IM 2024"]
[Site "Pozarevac"]
[Date "2024.02.13"]
[Round "7.4"]
[White "Spasic, Petar"]
[Black "Karamsetty, Jeevan"]
[Result "1-0"]
[ECO "A49"]
[WhiteElo "2343"]
[BlackElo "2211"]
[Annotator "RC"]
[PlyCount "129"]
[EventDate "2024.02.12"]
[EventType "tourn"]
[EventCountry "SRB"]
[SourceTitle "playchess.com"]
[Source "ChessBase"]
[SourceQuality "1"]
[TimeControl "5400+30"]

1. d4 g6 2. Nf3 Bg7 3. g3 d6 4. Bg2 Nf6 5. O-O O-O 6. Re1 Nbd7 7. c4 e5 8. e3 Re8 9. a4 a5 10. Nc3 Rb8 11. b3 b6 12. Ba3 Bb7 13. Qc2 Nf8 14. dxe5 Bxf3 15. Bxf3 Rxe5 16. Nb5 Qc8 17. Nd4 Re8 18. Nc6 Ra8 19. Rad1 Ne6 20. h4 Nc5 21. Nd4 Nce4 22. Kg2 h5 23. Bb2 Qd7 24. Ne2 Rad8 25. Nf4 Nc5 26. Qc3 Nce4 27. Qd4 Nxf2 28. Kxf2 Ne4+ 29. Bxe4 Bxd4 30. exd4 c6 31. d5 c5 32. Rd2 Re5 33. Rde2 Rde8 34. Bxe5 dxe5 35. Bg2 Qd6 36. Nd3 f6 37. Nf4 Kg7 38. Ne6+ Kh6 39. Bh3 Ra8 40. Kg2 Ra7 41. Rf1 Rf7 42. Ng5 Rf8 43. Ne4 Qd8 44. Be6 Kg7 45. Ref2 f5 46. Ng5 Qd6 47. Ne4 Qe7 48. Bxf5 gxf5 49. Rxf5 Rxf5 50. Rxf5 Qe8 51. Rg5+ Kh6 52. Nf6 Qf7 53. Rxe5 Kg6 54. Ne4 Kh6 55. d6 Qd7 56. Re7 Qg4 57. Kf2 Qd1 58. d7 Kg6 59. Re6+ Kf5 60. Rd6 Qh1 61. d8=Q Qh2+ 62. Ke3 Qg1+ 63. Nf2 Qxg3+ 64. Ke2 Qe5+ 65. Kf1 1-0

[Event "RUDAR XXII-IM 2024"]
[Site "Pozarevac"]
[Date "2024.02.13"]
[Round "7.5"]
[White "Petrovic, Aleksa"]
[Black "Popchev, Milko"]
[Result "1/2-1/2"]
[ECO "C42"]
[WhiteElo "2248"]
[BlackElo "2193"]
[Annotator "TA"]
[PlyCount "29"]
[EventDate "2024.02.12"]
[EventType "tourn"]
[EventCountry "SRB"]
[SourceTitle "playchess.com"]
[Source "ChessBase"]
[SourceQuality "1"]
[TimeControl "5400+30"]

1. e4 e5 2. Nf3 Nf6 3. Nxe5 d6 4. Nf3 Nxe4 5. Qe2 Qe7 6. d3 Nf6 7. Nc3 c6 8. Bg5 Qxe2+ 9. Bxe2 Be7 10. O-O {[%emt 0:00:05] The position is equal.} d5 11. h3 O-O 12. Rfe1 Na6 13. a3 Nc5 14. Nd4 Bd8 15. Bf1 {[%emt 0:00:05] Not much happened in this game.   Weighted Error Value: White=0.09 (flawless) /Black=0.03 (flawless) .  OK:         	White=1     	---} 1/2-1/2

[Event "RUDAR XXII-IM 2024"]
[Site "Pozarevac"]
[Date "2024.02.14"]
[Round "8.1"]
[White "Ilincic, Zlatko"]
[Black "Popchev, Milko"]
[Result "1/2-1/2"]
[ECO "D14"]
[WhiteElo "2291"]
[BlackElo "2193"]
[Annotator "TA"]
[PlyCount "22"]
[EventDate "2024.02.12"]
[EventType "tourn"]
[EventCountry "SRB"]
[SourceTitle "playchess.com"]
[Source "ChessBase"]
[SourceQuality "1"]
[TimeControl "5400+30"]

1. d4 d5 2. c4 c6 3. cxd5 cxd5 4. Nf3 Nc6 5. Bf4 Nf6 6. e3 Bf5 7. Bd3 Bxd3 8. Qxd3 e6 9. O-O Be7 {[%emt 0:00:10] The position is equal.} 10. Nc3 O-O 11. Rac1 Rc8 {[%emt 0:00:10] An uneventful encounter.   Weighted Error Value: White=0.00 (flawless) /Black=0.05 (flawless) .  OK:         	White=1     	Black=1} 1/2-1/2

[Event "RUDAR XXII-IM 2024"]
[Site "Pozarevac"]
[Date "2024.02.14"]
[Round "8.2"]
[White "Karamsetty, Jeevan"]
[Black "Petrovic, Aleksa"]
[Result "1-0"]
[ECO "C26"]
[WhiteElo "2211"]
[BlackElo "2248"]
[Annotator "RC"]
[PlyCount "77"]
[EventDate "2024.02.12"]
[EventType "tourn"]
[EventCountry "SRB"]
[SourceTitle "playchess.com"]
[Source "ChessBase"]
[SourceQuality "1"]
[TimeControl "5400+30"]

1. e4 e5 2. Nc3 Nf6 3. g3 Bb4 4. Bg2 O-O 5. Nge2 Re8 6. O-O d6 7. d3 Nc6 8. Bg5 h6 9. Bxf6 Qxf6 10. Nd5 Qd8 11. c3 Bc5 12. b4 Bb6 13. a4 a5 14. b5 Ne7 15. Nxb6 cxb6 16. Qb3 Qc7 17. f4 Be6 18. c4 f5 19. Nc3 exf4 20. Rxf4 Ng6 21. Rff1 Rf8 22. exf5 Bxf5 23. Kh1 Be6 24. Rxf8+ Rxf8 25. Re1 Ne5 26. Ne4 Kh8 27. Qa3 Rd8 28. Nxd6 Rxd6 29. Rxe5 Bf7 30. Re1 Qd8 31. Be4 Bg6 32. Bxg6 Rxg6 33. Rf1 Kh7 34. Qc3 Qd7 35. d4 h5 36. Qd3 Qh3 37. Qf5 Qg4 38. Qxg4 Rxg4 39. Rf4 1-0

[Event "RUDAR XXII-IM 2024"]
[Site "Pozarevac"]
[Date "2024.02.14"]
[Round "8.3"]
[White "Sri Sai Baswanth P"]
[Black "Spasic, Petar"]
[Result "1/2-1/2"]
[ECO "A37"]
[WhiteElo "2096"]
[BlackElo "2343"]
[Annotator "TA"]
[PlyCount "163"]
[EventDate "2024.02.12"]
[EventType "tourn"]
[EventCountry "SRB"]
[SourceTitle "playchess.com"]
[Source "ChessBase"]
[SourceQuality "1"]
[TimeControl "5400+30"]

1. c4 c5 2. g3 g6 3. Bg2 Bg7 4. Nc3 Nc6 5. Nf3 a6 6. O-O Rb8 7. e3 $1 {[%emt 0:07:12][%mdl 4] erfolgreicher als das alte 7.a4.} d6 {[%emt 0:00:17] A37: Englische Eröffnung (Symmetrische Variante).} 8. d4 Nh6 $146 ({Predecessor:} 8... Nf6 9. dxc5 dxc5 10. Qxd8+ Nxd8 11. e4 Ne6 12. h3 b5 13. cxb5 axb5 14. e5 Nd7 {0-1 Chos,A (2296)-Klukin,K (2390) Titled Tuesday intern op 22nd Aug Early blitz 2023 (2)}) 9. dxc5 Bxc3 10. bxc3 dxc5 11. Qxd8+ Kxd8 12. e4 Ng4 13. h3 Nf6 14. Bf4 Ra8 15. e5 Ne4 16. Rfe1 Nxc3 17. Ng5 Ke8 18. Bd2 Na4 19. Bd5 Nd8 20. e6 fxe6 21. Bxe6 h6 22. Bxc8 Rxc8 23. Ne4 Rc6 24. Rab1 Re6 25. Re3 Rf8 26. Rbe1 g5 27. Nd6+ Kd7 28. Ne4 Kc6 29. Rd3 Nf7 30. f4 gxf4 31. Bxf4 Ne5 32. Ra3 Nb6 33. Nd2 Rd8 34. Rb3 Rdd6 35. Reb1 Nbd7 36. Kf1 (36. Rxb7 $2 Rxd2 37. a4 (37. Bxd2 $2 Nf3+ 38. Kf2 Nxd2 $19) 37... Ra2 38. Bxe5 Rxe5 $19) 36... b6 37. Re1 Rg6 38. Ne4 {[%emt 0:03:28] [#]} (38. a4 $17 {ist wohl besser.}) 38... Rd4 $1 $19 39. Nf2 Nxc4 40. Rxe7 {[%emt 0:00:13] [#]} Rxf4 (40... Nd2+ $1 $19 41. Bxd2 Rxd2) 41. gxf4 $17 Nd2+ 42. Ke2 Nxb3 43. axb3 Rg3 44. Re6+ Kd5 45. f5 $1 Rg5 46. Re7 (46. Rxh6 {vereinfacht} Rxf5 47. Ng4 Kd4 48. Kd2) 46... Ne5 47. Nd1 $1 Nc6 (47... Rxf5 48. Ne3+ Ke4 49. Nxf5 Kxf5 50. Rh7 $18) 48. Ne3+ Kd6 (48... Kd4 49. Re6 Ne5 50. f6 $16 (50. Rxh6 b5 $11) (50. Rxb6 Rg3 $14)) 49. Re6+ Kc7 50. Kd3 Nd4 51. Nd5+ Kd8 52. Rd6+ Ke8 53. Rxb6 Nxf5 54. Kc4 a5 55. Nf6+ Kf7 56. Ne4 Rh5 57. Rb7+ Kf8 58. Rb8+ Ke7 59. Re8+ Kf7 (59... Kxe8 $5 60. Nf6+ $8 Kf7 61. Nxh5 Kg6 62. Nf4+ Kg5 $11) 60. Ra8 Rh4 61. Kd5 Ne7+ 62. Ke5 $1 Nc6+ 63. Kd6 Rxe4 64. Kxc6 Re3 65. Kxc5 Rxb3 66. Rxa5 Rxh3 67. Ra6 Kg7 68. Kd4 Rf3 69. Ke4 Rf1 70. Ke3 h5 71. Ra2 Kh6 72. Rf2 Rg1 73. Kf3 h4 74. Rg2 Ra1 75. Kg4 Ra4+ 76. Kh3 Kh5 77. Rb2 Ra3+ 78. Kh2 Ra4 79. Kh3 Ra3+ 80. Kh2 Ra4 81. Kh3 Ra3+ 82. Kh2 1/2-1/2

[Event "RUDAR XXII-IM 2024"]
[Site "Pozarevac"]
[Date "2024.02.14"]
[Round "8.4"]
[White "Mesic, Ismet"]
[Black "Bryakin, Mikhail"]
[Result "1-0"]
[ECO "E21"]
[WhiteElo "2232"]
[BlackElo "2494"]
[Annotator "RC"]
[PlyCount "91"]
[EventDate "2024.02.12"]
[EventType "tourn"]
[EventCountry "SRB"]
[SourceTitle "playchess.com"]
[Source "ChessBase"]
[SourceQuality "1"]
[TimeControl "5400+30"]

1. d4 e6 2. Nf3 Nf6 3. c4 b6 4. Nc3 Bb4 5. Bd2 Bb7 6. e3 Bxc3 7. Bxc3 Ne4 8. Rc1 Nxc3 9. Rxc3 d6 10. Be2 Nd7 11. O-O O-O 12. Nd2 a5 13. Bf3 Qc8 14. Bxb7 Qxb7 15. Qf3 Qxf3 16. Nxf3 f6 17. Rcc1 a4 18. Nd2 Kf7 19. Nb1 Ra5 20. Nc3 c6 21. Rfd1 Ke7 22. Rc2 h5 23. f3 h4 24. g3 hxg3 25. hxg3 Rh8 26. Rh2 Rxh2 27. Kxh2 b5 28. cxb5 cxb5 29. Kg2 Nb6 30. Kf2 b4 31. Ne2 Rh5 32. b3 Rh2+ 33. Ke1 a3 34. e4 d5 35. Rc1 e5 36. dxe5 Nd7 37. exf6+ gxf6 38. exd5 Ne5 39. Kd2 Nxf3+ 40. Ke3 Ne5 41. Rc7+ Kd6 42. Rb7 Kc5 43. d6 Rh1 44. d7 Rd1 45. Nf4 Rd6 46. d8=Q 1-0

[Event "RUDAR XXII-IM 2024"]
[Site "Pozarevac"]
[Date "2024.02.14"]
[Round "8.5"]
[White "Potluri Saye Srreezza"]
[Black "Ninov, Nikolai"]
[Result "0-1"]
[ECO "E32"]
[WhiteElo "1983"]
[BlackElo "2413"]
[Annotator "TA"]
[PlyCount "107"]
[EventDate "2024.02.12"]
[EventType "tourn"]
[EventCountry "SRB"]
[SourceTitle "playchess.com"]
[Source "ChessBase"]
[SourceQuality "1"]
[TimeControl "5400+30"]

1. d4 Nf6 2. c4 e6 3. Nc3 Bb4 4. Qc2 O-O 5. e4 Bxc3+ 6. bxc3 d6 7. e5 dxe5 8. dxe5 Nfd7 {[%emt 0:00:34] The position is equal.} 9. Nf3 (9. f4 {keeps more tension.} Nc5 10. Ba3 Qe7 11. Nf3) 9... h6 {[%emt 0:02:00] Against Ng5} 10. Ba3 c5 $1 11. Bc1 Nc6 12. Qe4 (12. Bf4 $11) 12... f5 13. exf6 Qxf6 14. Bd2 Nde5 15. Be2 (15. Nxe5 {seems wilder.} Qxe5 16. Bd3 b6 17. O-O-O) 15... Qg6 16. Qxg6 Nxg6 17. Bd3 Nge5 18. Nxe5 Nxe5 19. Be2 b6 20. f4 Nf7 {[%emt 0:04:25] Black is more active.} 21. Bf3 Rb8 22. f5 Ne5 $17 (22... exf5 23. Bf4 Re8+ 24. Kf1 $11 (24. Kf2 Ne5 $15)) 23. O-O Nxf3+ ({Stronger than} 23... exf5 24. Bd5+ Nf7 25. Bf4 $16) (23... Nxc4 $6 24. Bf4 e5 25. Bd5+ Kh8 26. Bxh6 gxh6 27. Bxc4 $11) 24. Rxf3 Rxf5 25. Bf4 Ra8 26. Rd1 Ba6 27. Rd7 Bxc4 28. a3 Bd5 29. Rf2 Raf8 30. Bg3 Rxf2 31. Bxf2 {[%emt 0:00:04][%mdl 4096] Endgame. KRB-KRB} Rf7 32. Rd8+ (32. Rxf7 $17 Kxf7 33. Bg3) 32... Kh7 $19 33. Bg3 Kg6 34. Rc8 Kf5 35. Rc7 e5 36. Rc8 Be6 37. Ra8 Rd7 38. Rf8+ Bf7 39. Kf2 Ke6 40. Ra8 Bg6 41. Ke2 Bh5+ 42. Ke1 (42. Ke3 {only move.}) 42... Kd5 43. Kd2 (43. Kf2 {keeps fighting.}) 43... Kc4+ 44. Ke3 Kxc3 45. Bxe5+ Kb3 46. Rg8 Re7 (46... Kxa3 47. Rxg7 Bf7 48. h4) 47. Ke4 g5 {[%emt 0:00:31][%cal Oc5c4] [#] Strongly threatening ...c4!} 48. Rh8 $2 (48. Rg7 Bf7 (48... Rxg7 $2 49. Bxg7 Kxa3 50. Bf8 $19) 49. Kf5 Be6+ (49... Kxa3 50. Kf6 $19) 50. Ke4 Rxg7 51. Bxg7) 48... Bg6+ {[%emt 0:00:44] Black is clearly winning.} 49. Kd5 Bf7+ 50. Ke4 c4 51. Rxh6 c3 52. Rh3 Kb2 ({Not} 52... Kxa3 53. Rxc3+ Kb4 54. Rg3 $15) 53. Re3 {[%emt 0:01:22] [#]} Rxe5+ $1 54. Kd4 {[%emt 0:01:15] Weighted Error Value: White=0.48/Black=0.13 (very precise) .  Mistake:       	White=6     	---        Inaccurate:     	White=6     	Black=4      OK:         	White=12    	Black=21     Best:        	White=2     	Black=5      Strong:       	---       	Black=1} (54. Kxe5 c2) 0-1

[Event "RUDAR XXII-IM 2024"]
[Site "Pozarevac"]
[Date "2024.02.15"]
[Round "9.1"]
[White "Ninov, Nikolai"]
[Black "Ilincic, Zlatko"]
[Result "1/2-1/2"]
[ECO "C42"]
[WhiteElo "2413"]
[BlackElo "2291"]
[Annotator "TA"]
[PlyCount "24"]
[EventDate "2024.02.12"]
[EventType "tourn"]
[EventCountry "SRB"]
[SourceTitle "playchess.com"]
[Source "ChessBase"]
[SourceQuality "1"]
[TimeControl "5400+30"]

1. e4 e5 2. Nf3 Nf6 3. Nxe5 d6 4. Nd3 Nxe4 5. Qe2 Qe7 $1 6. Nf4 c6 {[%emt 0:00:14] Prevents Nd5} 7. d3 Nf6 8. Nc3 {[%emt 0:00:46] The position is equal.} d5 9. Bd2 Nbd7 10. O-O-O Qxe2 11. Bxe2 Bd6 12. Rhe1 O-O {[%emt 0:00:08] A rather calm draw.   Weighted Error Value: White=0.10 (very precise) /Black=0.02 (flawless) .  OK:         	White=1     	Black=4} 1/2-1/2

[Event "RUDAR XXII-IM 2024"]
[Site "Pozarevac"]
[Date "2024.02.15"]
[Round "9.3"]
[White "Spasic, Petar"]
[Black "Mesic, Ismet"]
[Result "1/2-1/2"]
[ECO "E09"]
[WhiteElo "2343"]
[BlackElo "2232"]
[Annotator "TA"]
[PlyCount "50"]
[EventDate "2024.02.12"]
[EventType "tourn"]
[EventCountry "SRB"]
[SourceTitle "playchess.com"]
[Source "ChessBase"]
[SourceQuality "1"]
[TimeControl "5400+30"]

1. d4 Nf6 2. Nf3 d5 3. c4 e6 4. g3 Be7 5. Bg2 O-O 6. O-O c6 7. Qc2 b6 8. Nbd2 Bb7 9. b3 c5 10. Bb2 Nbd7 11. Rad1 Rc8 12. Qb1 Qc7 13. cxd5 exd5 14. e3 (14. Rc1 {ist überlegen.}) 14... Bd6 (14... c4 $142) 15. Rc1 Rfe8 16. Bh3 (16. Ng5 {sieht schärfer aus.} a5 17. a4 Qd8 18. Rfd1) 16... Rcd8 17. Rfd1 Qb8 18. Bf1 (18. Ng5 {mit weiteren Verwicklungen.} h6 19. dxc5 bxc5 20. Bxd7 Rxd7 21. Bxf6 hxg5 22. Qf5) 18... Qa8 19. Qa1 c4 20. bxc4 (20. a4 $14) 20... dxc4 $11 21. Nxc4 ({Günstiger ist} 21. d5 $11) 21... Bxg3 $15 22. fxg3 (22. hxg3 $142 Bxf3 23. d5 Bxd1 24. Rxd1) 22... Bxf3 $17 23. Re1 Nd5 $2 {[%emt 0:00:00] [#]} (23... Ne4 $17 {Und ...b5 würde nun gewinnen.} 24. Ba3 Qd5) 24. Kf2 (24. Ba3 $11 {hält das Gleichgewicht.}) 24... N5f6 {[%emt 0:00:00] Hervorragende Reitkunst.} (24... Be4 $142 25. Nd6 Re6) 25. Kg1 Nd5 {[%emt 0:00:00] Gewichteter Fehlerwert: Weiß=0.30/Schwarz=0.41.  Fehler:       	Weiß=5     	Schwarz=4     Ungenau:       	---       	Schwarz=1     OK:         	Weiß=2     	Schwarz=1     Bester:       	Weiß=1     	Schwarz=2} ({Vorzuziehen ist} 25... Ne4 $17 26. Ba3 Qd5) 1/2-1/2

[Event "RUDAR XXII-IM 2024"]
[Site "Pozarevac"]
[Date "2024.02.15"]
[Round "9.4"]
[White "Petrovic, Aleksa"]
[Black "Sri Sai Baswanth P"]
[Result "0-1"]
[ECO "D02"]
[WhiteElo "2248"]
[BlackElo "2096"]
[Annotator "TA"]
[PlyCount "70"]
[EventDate "2024.02.12"]
[EventType "tourn"]
[EventCountry "SRB"]
[SourceTitle "playchess.com"]
[Source "ChessBase"]
[SourceQuality "1"]
[TimeControl "5400+30"]

1. d4 Nf6 2. Nf3 d5 3. g3 c5 4. Bg2 cxd4 5. O-O h6 6. b3 g6 7. Nxd4 Bg7 8. c4 {[%emt 0:02:06] White is slightly better.} dxc4 9. bxc4 O-O 10. Bb2 Qb6 11. Qc1 Na6 12. Nb3 Be6 13. Bd4 Qc7 14. Na3 Rad8 15. Qc3 b6 16. Rfd1 Rc8 17. Qb2 {[%emt 0:06:23] next Nb5 is good for White.} Rfd8 (17... Qb8 $11) 18. Be5 (18. Nb5 $16 Qd7 19. Nc3 Rxc4 20. Bxf6 Bxf6 21. Rxd7 Rxd7 22. Rc1) 18... Ne8 (18... Rxd1+ $1 $11 19. Rxd1 Rd8) 19. Bxg7 $16 Nxg7 20. Nb5 Rxd1+ 21. Rxd1 Qxc4 22. Nxa7 ({Only move:} 22. Bb7 $1 $16 Rc5 (22... Qxb5 $2 {is the wrong capture.} 23. Bxc8 Bxc8 24. Rd8+ Ne8 25. Rxc8 $18) 23. Nxc5 (23. Bxa6 Rxb5 24. Qd2 Nf5 $18) (23. Nxa7 Qc2 $11) 23... Nxc5 24. Bg2) 22... Qc2 23. Qa1 {[%emt 0:01:52] Hoping for Rc1.} Re8 24. Rc1 (24. Nd4 $16 Qc5 25. Qb2) 24... Qxe2 $11 25. Bf1 Qe4 26. Qd4 {[%emt 0:04:52] [#] Prevents Bd5.} (26. Bxa6 $2 {perishes.} Bd5 27. Kf1 Ra8 $19) (26. Bg2 $11 {remains equal.} Qf5 27. Nd4) 26... Nc5 $1 $17 27. Qxe4 (27. Nb5 Qxd4) 27... Nxe4 28. Rc7 Rd8 29. f3 Ng5 30. Be2 ({Better is} 30. Nc6 $1 $15 Ra8 (30... Nxf3+ 31. Kf2 $14) 31. Nbd4) 30... Bxb3 $1 {[%emt 0:06:05] Black is clearly better.} 31. axb3 {[%emt 0:00:06][%cal Oa7c6] [#]} Rd2 $1 32. Kf2 Nf5 33. Nc6 {[%emt 0:00:32] [#]} Ne6 $1 34. Rc8+ (34. Ra7 {is a better defense.}) 34... Kg7 $19 35. Ke1 Rb2 {[%emt 0:00:26] Weighted Error Value: White=0.23 (precise) /Black=0.16 (very precise) .  Mistake:       	White=6     	Black=2      Inaccurate:     	White=2     	Black=3      OK:         	White=10    	Black=11     Best:        	White=1     	Black=1      Strong:       	---       	Black=1} 0-1

[Event "RUDAR XXII-IM 2024"]
[Site "Pozarevac"]
[Date "2024.02.15"]
[Round "9.5"]
[White "Popchev, Milko"]
[Black "Karamsetty, Jeevan"]
[Result "1/2-1/2"]
[ECO "B07"]
[WhiteElo "2193"]
[BlackElo "2211"]
[Annotator "RC"]
[PlyCount "122"]
[EventDate "2024.02.12"]
[EventType "tourn"]
[EventCountry "SRB"]
[SourceTitle "playchess.com"]
[Source "ChessBase"]
[SourceQuality "1"]
[TimeControl "5400+30"]

1. e4 g6 2. d4 d6 3. Nc3 Bg7 4. Nge2 Nf6 5. g3 O-O 6. Bg2 Nc6 7. O-O e5 8. dxe5 dxe5 9. Bg5 Be6 10. Nd5 Bxd5 11. exd5 Ne7 12. c4 Qd6 13. Nc3 Nf5 14. Rc1 b6 15. Nb5 Qd7 16. Re1 Nd6 17. Qb3 h6 18. Bd2 Rfe8 19. a4 Nb7 20. Qc2 a6 21. Nc3 a5 22. Nb5 Nd6 23. Na3 e4 24. b3 c6 25. dxc6 Qxc6 26. Nb5 Nb7 27. Bf4 g5 28. Be3 Rad8 29. Nc3 Qe6 30. Rcd1 Rxd1 31. Rxd1 Ng4 32. Nd5 Nxe3 33. fxe3 Qg6 34. g4 Nc5 35. Rf1 h5 36. Qd1 h4 37. Rf5 Nd3 38. h3 Qd6 39. Rxg5 Re5 40. Rf5 Bh6 41. Rxe5 Qxe5 42. g5 Qxg5 43. Qg4 Qxg4 44. hxg4 Nc5 45. Kf2 Nxb3 46. Bxe4 Nc5 47. Bc2 Kf8 48. Kg2 Bg5 49. Kh3 Bd8 50. Kg2 Ke8 51. Kf3 Kd7 52. g5 Kc6 53. Kg4 h3 54. Kxh3 Bxg5 55. Kg4 Bd8 56. Nc3 Nd7 57. Kf5 Kc5 58. Ne4+ Kxc4 59. Nd6+ Kc3 60. Be4 f6 61. Bc6 Nc5 1/2-1/2